 Dungeon Crawl Stone Soup version 0.27-a0-277-g024f7ef292 (webtiles) character file.

Game seed: 2847299409946302821

353 dolemite99 the Stinger (level 6, -3/41 HPs)
             Began as a Demonspawn Venom Mage on Feb 6, 2021.
             Was a Follower of Fedhas.
             Slain by a gnoll
             ... wielding a +0 flail
              (15 damage)
             ... on level 3 of the Dungeon.
             The game lasted 00:05:24 (6387 turns).

dolemite99 the Stinger (Demonspawn Venom Mage)      Turns: 6387, Time: 00:05:24

Health: -3/41      AC:  4    Str:  8    XL:     6   Next: 35%
Magic:  7/9        EV: 12    Int: 18    God:    Fedhas [*.....]
Gold:   147        SH:  0    Dex: 14    Spells: 2/9 levels left

rFire    . . .     SeeInvis .   g - +0 hand axe
rCold    . . .     Faith    .   (no shield)
rNeg     . . .     Spirit   .   a - +0 robe
rPois    .         Reflect  .   (helmet restricted)
rElec    .         Harm     .   f - scarf {+Inv}
rCorr    .         Rampage  .   (no gloves)
Will     .....                  (no boots)
Stlth    ++........             (no amulet)
HPRegen  0.13/turn              (no ring)
MPRegen  0.11/turn              (no ring)

@: no status effects
A: horns 1, slimy green scales 1, spiny 1
a: Renounce Religion, Evoke Invisibility


You were on level 3 of the Dungeon.
You worshipped Fedhas.
Fedhas was aware of your devotion.
You visited 1 branch of the dungeon, and saw 4 of its levels.

You collected 147 gold pieces.

Inventory:

Hand Weapons
 d - a +0 club
 g - a +0 hand axe (weapon)
 m - a +0 dagger
 n - a +0 hunting sling
 v - a +0 long sword
 B - a +0 flail of draining
 C - a +2 dagger of venom
Missiles
 b - 59 stones
 k - 16 bolts
 p - 21 arrows
 y - 35 sling bullets
 A - 11 poisoned darts
 D - 3 boomerangs
Armour
 a - a +0 robe (worn)
 e - a +0 leather armour
 f - a scarf of invisibility (worn)
Jewellery
 h - an uncursed ring of see invisible {unknown}
 w - an uncursed ring of see invisible {unknown}
Wands
 o - a wand of polymorph (7)
Scrolls
 c - 3 scrolls of identify {unknown}
 j - 2 scrolls of remove curse {unknown}
 l - 3 scrolls of enchant armour {unknown}
 q - a scroll of enchant weapon {unknown}
 r - a scroll of teleportation {unknown}
 u - a scroll of immolation {unknown}
Potions
 i - a potion of resistance {unknown}
 s - 2 potions of curing {unknown}
 t - a potion of flight {unknown}
 x - a potion of mutation {unknown}
 z - a potion of brilliance {unknown}
 E - a potion of haste


   Skills:
 - Level 1.7 Dodging
 - Level 1.7 Stealth
 - Level 2.0 Spellcasting
 - Level 0.8 Transmutations
 + Level 7.2 Poison Magic


You had 2 spell levels left.
You knew the following spells:

 Your Spells              Type           Power        Failure   Level
a - Sting                 Tmut/Pois      64%          3%          1
b - Poisonous Vapours     Pois/Air       28%          6%          2
c - Olgreb's Toxic Radia  Pois           27%          9%          4

Your spell library contained the following spells:

 Spells                   Type           Power        Failure   Level
 Ignite Poison            Fire/Tmut/Pois 11%          19%         3
 Mephitic Cloud           Conj/Pois/Air  10%          21%         3


Dungeon Overview and Level Annotations

Branches:
Dungeon (4/15)
 Temple: D:4-7

Altars:
Fedhas

Annotations:
D:2 1 runed translucent door, exclusion: downstairs, Crazy Yiuf
D:3 Grinder


Innate Abilities, Weirdness & Mutations

You have a pair of small horns on your head.
You are partially covered in slimy green scales. (AC +2)
You are partially covered in sharp spines.


Message History

Level annotation: Grinder
There is a stone staircase leading down, spattered with blood here.
Casting: Sting (safe; 3% risk of failure)
Confirm with . or Enter, or press ? or * to list all spells.
Aiming: Sting (safe; 3% risk of failure)
Press: ? - help, Shift-Dir - straight line, f - gnoll
Aim: a gnoll, wielding a +0 flail (lightly wounded, 23% to evade)
The sting misses the gnoll.
The gnoll is struck by your spines. The gnoll hits you with a +0 flail!
* * * LOW HITPOINT WARNING * * *
Casting: Sting (safe; 3% risk of failure)
Confirm with . or Enter, or press ? or * to list all spells.
Aiming: Sting (safe; 3% risk of failure)
Press: ? - help, Shift-Dir - straight line, f/p - gnoll
Aim: a gnoll, wielding a +0 flail (lightly wounded, 23% to evade)
The sting hits the gnoll.
The gnoll is poisoned.
The gnoll is moderately wounded.
The gnoll is struck by your spines. The gnoll hits you with a +0 flail!
You die...
Fedhas appreciates your contribution to the ecosystem.

#.####### ###...
#.##....#####.....
#.##..............
###.##....######...)
##.........# ##...
#..#..#÷...# ##...
#####.##.##....######....
.............######..÷..>....
... #######g@....#..#####....
##.. ###....####.#.## ##.†.
#.. #...#### ... ##.... #.#
##.### #..######..###
###.#####..# ##........##
#.........######..
#######...####
..................
.............#
.<.#############.#
#######.#..... ..## #.######


You could see a gnoll (poisoned).

Vanquished Creatures
  An ogre (D:4)
  A water moccasin skeleton (D:3)
  A centaur skeleton (D:4)
  Terence (D:4)
  2 worker ants
  2 adders
  A gnoll (D:1)
  An ooze (D:1)
  3 worms (D:2)
  4 dart slugs (D:1)
  3 leopard geckos
  An orc (D:3)
  A ball python (D:2)
  2 giant cockroaches (D:2)
  5 goblins
  9 hobgoblins
  7 jackals
  6 kobolds
  9 bats
  5 frilled lizards
  A quokka skeleton (D:4)
  7 rats
73 creatures vanquished.

Notes
Turn   | Place    | Note
-------+----------+-------------------------------------------
     0 | D:1      | dolemite99 the Demonspawn Venom Mage began the quest for
                  | the Orb.
     0 | D:1      | Reached XP level 1. HP: 13/13 MP: 3/3
   346 | D:1      | Gained mutation: You are partially covered in sharp spines.
                  | [demonic ancestry]
   346 | D:1      | Reached XP level 2. HP: 7/19 MP: 0/5
   985 | D:1      | Reached skill level 4 in Poison Magic
  1082 | D:1      | Reached XP level 3. HP: 15/24 MP: 3/6
  2879 | D:2      | Reached skill level 5 in Poison Magic
  2879 | D:2      | Gained mutation: You have a pair of small horns on your
                  | head. [demonic ancestry]
  2879 | D:2      | Reached XP level 4. HP: 24/30 MP: 2/7
  3432 | D:2      | Found a runed translucent door.
  3433 | D:2      | Noticed Crazy Yiuf
  3518 | D:2      | Found a blossoming altar of Fedhas.
  3577 | D:2      | Became a worshipper of Fedhas Madash
  3942 | D:2      | Learned a level 2 spell: Poisonous Vapours
  4125 | D:3      | Noticed Grinder
  4723 | D:3      | Noticed Terence
  4724 | D:3      | You fall into a shaft and drop 1 floor!
  4724 | D:4      | Noticed an ogre
  4734 | D:4      | Killed an ogre
  4735 | D:4      | Reached skill level 6 in Poison Magic
  4735 | D:4      | Gained mutation: You are partially covered in slimy green
                  | scales. (AC +2) [demonic ancestry]
  4735 | D:4      | Reached XP level 5. HP: 6/35 MP: 2/8
  5471 | D:3      | Reached XP level 6. HP: 40/41 MP: 9/9
  5485 | D:3      | Learned a level 4 spell: Olgreb's Toxic Radiance
  5725 | D:4      | Killed Terence
  5726 | D:4      | Reached skill level 7 in Poison Magic
  6205 | D:4      | Reached * piety under Fedhas
  6387 | D:3      | Slain by a gnoll

Illustrated notes

Levels and vault maps discovered:
D:1:      minmay_arrival_jagged, layout_loops_ring,
          chequers_serial_rivers_room_a, minmay_pentomino_v2
D:2:      layout_loops_ring, fedhas_altar_1, uniq_crazy_yiuf_cottage
D:3:      layout_rooms, minmay_overflow_temple_star_quad, uniq_terence,
          uniq_grinder
D:4:      layout_cave_pools, nicolae_overflow_hidden_temple, cheibriados_altar_1

Skill      XL: |  1  2  3  4  5  6 |
---------------+-------------------+-----
Poison Magic   | 4 5 6 7 |  7.2
Dodging        | |  1.7
Stealth        | |  1.7
Spellcasting   | |  2.0
Transmutations | |  0.8

Action                   |  1- 3 |  4- 6 || total
-------------------------+-------+-------++-------
Melee: Unarmed           |     1 |       ||     1
       Hand axe          |     9 |    13 ||    22
       Club              |     2 |       ||     2
       Headbutt          |       |     3 ||     3
 Cast: Sting             |    62 |    59 ||   121
Armor: Robe              |     9 |    16 ||    25
Dodge: Dodged            |    24 |    33 ||    57

Table legend: (Time is in decaauts)
 A = Elapsed time spent in this place.
 B = Non-inter-level travel time spent in this place.
 C = Inter-level travel time spent in this place.
 D = Time resting spent in this place.
 E = Time spent auto-exploring this place.
 F = Levels seen in this place.
 G = Mean time per level.
                   A        B        C        D        E       F      G
               +--------+--------+--------+--------+--------+-----+--------+
         Total |   6400 |   6246 |    154 |   4078 |   1275 |   4 | 1600.0 |
       Dungeon |   6400 |   6246 |    154 |   4078 |   1275 |   4 | 1600.0 |
               +--------+--------+--------+--------+--------+-----+--------+

Top non-repeatable levels by time:
     D:2: 2367 daAuts
     D:1: 2218 daAuts
     D:4: 1018 daAuts
     D:3: 796 daAuts
